 Dungeon Crawl Stone Soup version 0.30.0-10-gfe55d96785 (webtiles) character file.

Game seed: 7662206056026514551

2924 razl the Thaumaturge (level 10, -4/61 HPs)
             Began as a Djinni Fire Elementalist on May 13, 2023.
             Was a Follower of Makhleb.
             Slain by a gnoll
             ... wielding a +0 club
             ... led by a gnoll bouda
              (5 damage)
             ... on level 7 of the Dungeon.
             The game lasted 01:35:12 (7319 turns).

razl the Thaumaturge (Djinni Fire Elementalist)     Turns: 7319, Time: 01:35:13

Health: -4/61      AC: 13    Str: 12    XL:     10   Next: 6%
Gold:   237        EV: 12    Int: 20    God:    Makhleb [*.....] SH:  0 Dex: 15

rFire   + + .        x - +10 demon blade of the Living Dead {freeze, Str+5 SInv}
rCold   x . .        (no shield)
rNeg    . . .        I - +0 acid dragon scales
rPois   ∞            p - +1 helmet
rElec   .            (no cloak)
rCorr   +            y - +0 pair of gloves
SInv    +            (boots unavailable)
Will    ++...        (no amulet)
Stlth   ++           h - ring of willpower
HPRegen 0.30/turn    c - +4 ring of protection
MPRegen 0.00/turn

%: infuse magic (-5 HP)
@: flying
A: sickness immunity, fire resistance 2, cold vulnerability 1, float, innate
caster, HP casting, extra vitality 1
a: Renounce Religion


You were on level 7 of the Dungeon.
You worshipped Makhleb.
Makhleb was aware of your devotion.
You visited 2 branches of the dungeon, and saw 8 of its levels.

You collected 237 gold pieces.

Inventory:

Hand Weapons
 v - a +0 short sword of protection
 w - a +0 scimitar
 x - the +10 demon blade of the Living Dead (weapon) {freeze, Str+5 SInv}
   (You acquired it on level 5 of the Dungeon)

   Str:       It affects your strength (+5).
   SInv:      It lets you see invisible.
 C - a +3 battleaxe of freezing
 D - a +5 long sword
 E - a +3 trident of freezing
 F - a +0 club
 H - a +2 scimitar of flaming
 K - a +2 great sword of freezing
Missiles
 d - 5 atropa-tipped darts
 r - 12 poisoned darts
 t - 4 throwing nets
Armour
 a - a +0 robe
 p - a +1 helmet (worn)
 y - a +0 pair of gloves (worn)
 G - +0 steam dragon scales
 I - +0 acid dragon scales (worn)
Magical Staves
 l - a staff of air
Jewellery
 c - a +4 ring of protection (right hand)
 h - a ring of willpower (left hand)
Wands
 q - a wand of flame (17)
 u - a wand of iceblast (2)
 J - a wand of acid (4)
Scrolls
 k - 3 scrolls of teleportation
 z - a scroll of fog {unknown}
 A - a scroll of poison
 B - 2 scrolls of enchant armour {unknown}
Potions
 b - 3 potions of attraction
 e - a potion of invisibility
 f - a potion of ambrosia
 g - a potion of berserk rage
 i - 2 potions of magic
 j - 2 potions of haste
 m - 3 potions of lignification
 n - a potion of might {unknown}
 o - 3 potions of cancellation
 s - a potion of brilliance {unknown}


   Skills:
 + Level 0.5 Fighting
 * Level 2.0 Long Blades
 + Level 0.2 Armour
 + Level 3.6 Dodging
 + Level 3.3 Stealth
 + Level 8.3 Spellcasting
 * Level 4.0 Invocations
 * Level 4.6 Evocations


You knew the following spells:

 Your Spells              Type           Power      Damage    Failure   Level
a - Foxfire               Conj/Fire      100%       2x1d9     1%          1
b - Scorch                Fire           82%        2d8       1%          2
c - Volatile Blastmotes   Fire/Tloc      82%        2d16      1%          3
d - Inner Flame           Hex/Fire       41%        N/A       1%          3
e - Flame Wave            Conj/Fire      41%        2d11      4%          4
f - Summon Small Mammal   Summ           100%       N/A       1%          1
g - Blink                 Tloc           82%        N/A       1%          2
h - Call Canine Familiar  Summ           41%        N/A       1%          3
i - Vampiric Draining     Necr           41%        2d8       1%          3
Your spell library was empty.

Dungeon Overview and Level Annotations

Branches:
Dungeon (7/15)             Temple (1/1) D:5

Altars:
Ashenzari
Cheibriados
Gozag
Makhleb
Nemelex Xobeh
Okawaru
Qazlal
Trog
Uskayaw
Wu Jian
Xom

Shops:
D:3 (


Innate Abilities, Weirdness & Mutations

You are immune to sickness and miasma.
You are immune to poison.
Your flesh is very heat resistant. (rF++)
You are vulnerable to cold. (rC-)
You float through the air rather than walking.
You learn spells naturally, not from books.
Your magical power is your life essence.
You have superior vitality. (+4 MHP)


Message History

You kill the gnoll!
Makhleb accepts your kill.
You feel better.
The gnoll is no longer moving quickly.
The gnoll hits you but does no damage. The gnoll hits you with a +0 spear.
* * * LOW HITPOINT WARNING * * *
The gnoll hits you with a +0 whip.
* * * LOW HITPOINT WARNING * * *
The gnoll hits you with a +0 spear.
* * * LOW HITPOINT WARNING * * *
Items here: ))))) [ †††††.
The gnoll closely misses you.
Items here: )) †††.
The gnoll misses you. The gnoll attacks as you move away!
The gnoll closely misses you.
Your attacks no longer feel as feeble.
The gnoll misses you. The gnoll attacks as you move away!
The gnoll hits you but does no damage. The gnoll attacks as you move away!
The gnoll hits you but does no damage.
The gnoll is no longer moving quickly.
The gnoll attacks as you move away! The gnoll completely misses you.
You barely miss the gnoll. The gnoll closely misses you.
You hit the gnoll but do no damage. The gnoll hits you with a +0 whip.
* * * LOW HITPOINT WARNING * * *
The gnoll barely misses you. The gnoll hits you with a +0 whip.
* * * LOW HITPOINT WARNING * * *
You slash the gnoll! You freeze the gnoll.
You kill the gnoll!
Makhleb accepts your kill. The gnoll misses you.
The gnoll hits you but does no damage.
Things that are here:
a +0 whip; a gnoll corpse You barely miss the gnoll.
The gnoll hits you but does no damage. The gnoll hits you with a +0 spear.
* * * LOW HITPOINT WARNING * * *
You slice the gnoll!! You freeze the gnoll.
You kill the gnoll!
Makhleb accepts your kill. The gnoll hits you with a +0 club.
You die...

### ..# #.# #.#
#.# #.# #..# #.#
#..# #@# #####
#..# #g# #...#
#..####.# . #.<.#
#.......#
.###...####.####.#
..........#.####.#
........8.#.gg...#
..........#)####.#
.......####)# ###


You could see a gnoll.

Vanquished Creatures
  Maggie (D:6)
  Grinder (D:6)
  A steam dragon (D:6)
  2 water moccasins
  An orc warrior (D:7)
  2 centaurs (D:5)
  A bullfrog (D:7)
  Blork the orc (D:5)
  A scorpion (D:6)
  9 wights (D:6)
  A howler monkey (D:4)
  7 orc priests
  5 hounds
  A jelly (D:6)
  3 gnoll boudas
  3 iguanas (D:4)
  Natasha (thrice) (D:2)
  2 orc wizards
  26 gnolls
  10 adders
  4 shadow imps
  A white imp (D:7)
  A worm (D:2)
  4 dart slugs
  18 orcs
  9 endoplasms
  7 giant cockroaches
  8 goblins
  10 hobgoblins
  2 jackals (D:5)
  3 quokkas
  11 ball pythons
  6 bats
  3 frilled lizards
  9 kobolds
  3 rats
180 creatures vanquished.

Vanquished Creatures (collateral kills)
  62 foxfires
62 creatures vanquished.

Vanquished Creatures (others)
  710 foxfires
710 creatures vanquished.

Grand Total: 952 creatures vanquished

Notes
Turn   | Place    | Note
-------+----------+-------------------------------------------
     0 | D:1      | razl the Djinni Fire Elementalist began the quest for the
                  | Orb.
     0 | D:1      | razl set off with the following spells memorised: Foxfire,
                  | Scorch, Volatile Blastmotes, Inner Flame, Flame Wave.
     0 | D:1      | Reached XP level 1. HP: 15/15 MP: 0/0
   136 | D:1      | Reached XP level 2. HP: 12/21 MP: 0/0
   401 | D:1      | Reached skill level 3 in Spellcasting
   405 | D:1      | Reached XP level 3. HP: 17/25 MP: 0/0
   405 | D:1      | Learned a level 1 spell: Summon Small Mammal
  1121 | D:2      | Reached XP level 4. HP: 25/31 MP: 0/0
  1540 | D:2      | Noticed Natasha
  1549 | D:2      | Killed Natasha
  1550 | D:2      | Reached skill level 4 in Spellcasting
  1550 | D:2      | Reached XP level 5. HP: 10/35 MP: 0/0
  1550 | D:2      | Learned a level 2 spell: Blink
  1643 | D:2      | Noticed Natasha
  1646 | D:2      | Killed Natasha
  1947 | D:2      | Noticed Natasha
  1950 | D:2      | Killed Natasha
  2196 | D:3      | Found a transporter.
  2196 | D:3      | Found Wadutel's Weapon Shop.
  2200 | D:3      | Found a transporter.
  2231 | D:3      | Reached XP level 6. HP: 34/40 MP: 0/0
  3111 | D:4      | Reached skill level 1 in Evocations
  3132 | D:4      | Reached skill level 5 in Spellcasting
  3297 | D:4      | Reached XP level 7. HP: 39/45 MP: 0/0
  3297 | D:4      | Learned a level 3 spell: Call Canine Familiar
  4174 | D:5      | Entered Level 5 of the Dungeon
  4182 | D:5      | Found a transporter.
  4348 | D:5      | Found a transporter.
  4725 | D:5      | Reached skill level 6 in Spellcasting
  4867 | D:5      | Found a staircase to the Ecumenical Temple.
  4891 | D:5      | Reached XP level 8. HP: 41/50 MP: 0/0
  5029 | Temple   | Entered the Ecumenical Temple
  5354 | Temple   | Became a worshipper of Makhleb the Destroyer
  5437 | D:5      | Noticed Blork the orc
  5442 | D:5      | Killed Blork the orc
  5790 | D:5      | Identified a scroll of acquirement
  5790 | D:5      | Acquired the +10 demon blade of the Living Dead {freeze,
                  | Str+5 SInv}
  5921 | D:6      | Reached skill level 1 in Invocations
  5990 | D:6      | Reached skill level 7 in Spellcasting
  6048 | D:6      | Reached XP level 9. HP: 49/55 MP: 0/0
  6048 | D:6      | Learned a level 3 spell: Vampiric Draining
  6356 | D:6      | HP: 2/55 [gnoll/+0 club[a gnoll bouda] (7)]
  6798 | D:6      | Reached * piety under Makhleb
  6862 | D:6      | Noticed Grinder
  6867 | D:6      | Killed Grinder
  6868 | D:6      | Reached skill level 1 in Long Blades
  6873 | D:6      | Reached skill level 8 in Spellcasting
  6946 | D:6      | Noticed Maggie
  6963 | D:6      | Killed Maggie
  7268 | D:7      | Reached XP level 10. HP: 25/61 MP: 0/0
  7303 | D:7      | HP: 3/61 [gnoll/+0 spear (2)]
  7315 | D:7      | HP: 3/61 [gnoll/+0 whip[a gnoll sergeant] (4)]
  7315 | D:7      | HP: 1/61 [gnoll/+0 whip[a gnoll sergeant] (2)]
  7319 | D:7      | Slain by a gnoll

Illustrated notes

Levels and vault maps discovered:
D:1:      dpeg_arrival_renting, layout_rooms, minmay_hexomino_f4
D:2:      layout_basic, nicolae_kite_square_tiling_tiny, uniq_natasha
D:3:      layout_loops_ring, serial_shops, nicolae_shop_drivethru,
          chequers_jeans
D:4:      layout_basic, dreamdust_gnoll_farm
D:5:      gammafunk_wand_slinger, layout_basic, minmay_temple_entry_glass,
          uniq_blork_the_orc
D:6:      layout_rooms, uniq_grinder, uniq_maggie
D:7:      layout_basic, nicolae_elevator_lobby_asterisk, uniq_joseph
Temple:   oiseaux_autumnal_temple

Skill      XL: |  1  2  3  4  5  6  7  8  9 10 |
---------------+-------------------------------+-----
Spellcasting   | 3 4 5 6 7 8 |  8.3
Stealth        | 2 3 |  3.3
Evocations     | 1 2 3 4 |  4.6
Invocations    | 2 3 4 |  4.0
Dodging        | 3 |  3.6
Long Blades    | 1 2 |  2.0
Fighting       | |  0.5
Armour         | |  0.2

Action                     |  1- 3 |  4- 6 |  7- 9 | 10-12 || total
---------------------------+-------+-------+-------+-------++-------
  Melee: Demon blade       |       |       |    20 |    28 ||    48
  Throw: Dart              |       |     1 |       |       ||     1
   Cast: Foxfire           |    78 |   132 |   295 |       ||   505
         Scorch            |       |    14 |    24 |       ||    38
         Summon Small Mamm |       |     1 |       |       ||     1
  Evoke: Wand              |       |       |     6 |       ||     6
    Use: Scroll            |     8 |     2 |     6 |       ||    16
         Potion            |       |       |     4 |       ||     4
 Armour: Robe              |       |     1 |    17 |       ||    18
         Acid dragon scale |       |       |     7 |    20 ||    27
         Steam dragon scal |       |       |     2 |       ||     2
  Dodge: Dodged            |     2 |    16 |    45 |    34 ||    97
